 Dungeon Crawl Stone Soup version 0.30-a0-618-gd6c86c23d0 (webtiles) character file.

Game seed: 6905396134103170573

116 Khashishi the Magician (level 4, -1/33 HPs)
             Began as a Demonspawn Hedge Wizard on Jan 9, 2023.
             Killed from afar by an orc wizard (8 damage)
             ... with a puff of flame
             ... on level 3 of the Dungeon.
             The game lasted 00:17:16 (2951 turns).

Khashishi the Magician (Demonspawn Hedge Wizard)    Turns: 2951, Time: 00:17:17

Health: -1/33      AC:  8    Str: 10    XL:     4   Next: 69%
Magic:  9/9        EV:  4    Int: 17    God:
Gold:   85         SH:  0    Dex: 13    Spells: 6/10 levels left

rFire   . . .      SeeInvis .    a - +0 dagger
rCold   . . .      Faith    .    (no shield)
rNeg    . . .      Spirit   .    q - +0 chain mail
rPois   .          Reflect  .    c - +0 hat
rElec   .          Harm     .    (no cloak)
rCorr   .          Rampage  .    (no gloves)
Will    .....                    (no boots) Stlth
                                 (no amulet)
HPRegen 0.25/turn                (no ring)
MPRegen 0.11/turn                (no ring)

@: confused
A: foul stench 1, demonic touch 1
a: no special abilities


You were on level 3 of the Dungeon.
You visited 1 branch of the dungeon, and saw 4 of its levels.

You collected 85 gold pieces.

Inventory:

Hand Weapons
 a - a +0 dagger (weapon)
Missiles
 r - 4 poisoned darts
Armour
 b - a +0 robe
 c - a +0 hat (worn)
 q - a +0 chain mail (worn)
Jewellery
 h - a ring of fire
Scrolls
 e - 4 scrolls of identify {unknown}
 g - 3 scrolls of fear {unknown}
 i - a scroll of immolation {unknown}
 j - 2 scrolls of enchant weapon {unknown}
 k - 2 scrolls of blinking {unknown}
 l - 2 scrolls of magic mapping {unknown}
 n - a scroll of fog {unknown}
 o - a scroll of noise {unknown}
 p - 2 scrolls of amnesia {unknown}
Potions
 d - a potion of magic
 f - a potion of haste {unknown}
 m - 3 potions of heal wounds {unknown}
 s - 2 potions of curing {unknown}


   Skills:
 + Level 1.9 Fighting
 + Level 1.0 Short Blades
 - Level 1.7 Dodging
 - Level 1.7 Stealth
 - Level 3.5 Spellcasting
 - Level 1.6 Conjurations
 - Level 1.2 Hexes
 - Level 1.3 Summonings
 - Level 2.0 Translocations


You had 6 spell levels left.
You knew the following spells:

 Your Spells              Type           Power      Damage    Failure   Level
a - Magic Dart            Conj           32%        1d4       100%        1
b - Blink                 Tloc           18%        N/A       100%        2
c - Slow                  Hex            28%        N/A       100%        1

Your spell library contained the following spells:

 Spells                   Type           Power      Damage    Failure   Level
 Call Imp                 Summ           7%         N/A       100%        2
 Cigotuvi's Dreadful Rot  Necr/Pois/Air  4%         N/A       100%        2
 Mephitic Cloud           Conj/Pois/Air  4%         N/A       100%        3
 Freezing Cloud           Conj/Ice/Air   2%         6-21      100%        5
 Simulacrum               Ice/Necr       1%         N/A       100%        6
 Polar Vortex             Ice            1%         N/A       100%        9


Dungeon Overview and Level Annotations

Branches:
Dungeon (4/15)
 Temple: D:4-7

Altars:


Innate Abilities, Weirdness & Mutations

You may rarely emit foul miasma when damaged in melee.
Your touch may inflict minor irresistible damage on your foes.


Message History

The puff of flame hits you.
The orc wizard hits you but does no damage.
The orc wizard gestures at you while chanting.
The magic dart hits you.
You climb upwards.
There is a stone staircase leading down here.
You hit the orc wizard.
The orc wizard is moderately wounded.
You hit the orc wizard.
The orc wizard is moderately wounded.
The orc wizard hits you with a +0 dagger.
The orc wizard hits you but does no damage.
You hit the orc wizard.
The orc wizard is heavily wounded.
The orc wizard hits you but does no damage.
The orc wizard hits you with a +0 dagger.
You closely miss the orc wizard.
The orc wizard is heavily wounded.
The orc wizard hits you with a +0 dagger. x2
You closely miss the orc wizard. Your touch misses the orc wizard.
The orc wizard is heavily wounded.
The orc wizard casts a spell at you.
You are confused.
The orc wizard mumbles some strange words.
The orc wizard flickers and vanishes!
Deactivating autopickup; reactivate with Ctrl-A.
You bump into the rock wall.
The orc wizard hits you with a +0 dagger.
You hear some strange, mumbled words.
A magic dart appears from out of thin air!
The magic dart hits you!
* * * LOW HITPOINT WARNING * * *
Something completely misses you.
The orc wizard hits you but does no damage.
You bump into the rock wall.
The orc wizard hits you but does no damage.
You hear some strange, mumbled words.
A puff of flame appears from out of thin air!
The puff of flame hits you!
You die...

############# ............#
###########.# #.# #.# #.#
#.#
###########.################
................@{.........#
#.........#.#####o########.#
#.#######.#.#.........# #.#
#.# ##.#'#.###.###.# #.# #.#
#......###.# #.####.#
#.######..........# #......#
.............###..# ########
..######.....#
#..#############
..+.........##
#.)............#


You could see an orc wizard.

Vanquished Creatures
  3 adders (D:2)
  3 worms
  2 dart slugs (D:1)
  3 orcs (D:3)
  8 endoplasms
  3 giant cockroaches (D:2)
  8 goblins
  6 hobgoblins
  5 jackals
  6 kobolds
  4 quokkas
  8 ball pythons
  4 bats
  3 frilled lizards
  2 rats (D:3)
68 creatures vanquished.

Notes
Turn   | Place    | Note
-------+----------+-------------------------------------------
     0 | D:1      | Khashishi the Demonspawn Hedge Wizard began the quest for
                  | the Orb.
     0 | D:1      | Reached XP level 1. HP: 13/13 MP: 4/4
    21 | D:1      | You fall into a shaft and drop 1 floor!
    42 | D:1      | Reached skill level 1 in Translocations
    48 | D:1      | Found a faded altar of an unknown god.
   240 | D:1      | Gained mutation: Your touch may inflict minor irresistible
                  | damage on your foes. [demonic ancestry]
   240 | D:1      | Reached XP level 2. HP: 15/19 MP: 1/6
   243 | D:1      | Learned a level 2 spell: Blink
   540 | D:1      | Learned a level 1 spell: Slow
   650 | D:1      | Reached XP level 3. HP: 25/25 MP: 2/7
   934 | D:2      | Reached skill level 1 in Fighting
  1166 | D:2      | Reached skill level 1 in Hexes
  1166 | D:2      | Gained mutation: You may rarely emit foul miasma when
                  | damaged in melee. [demonic ancestry]
  1166 | D:2      | Reached XP level 4. HP: 23/32 MP: 3/9
  2314 | D:3      | Reached skill level 1 in Short Blades
  2951 | D:3      | Killed from afar by an orc wizard

Illustrated notes

Levels and vault maps discovered:
D:1:      dpeg_arrival_windows_large_door, layout_basic, basic_ecumenical_altar
D:2:      layout_loops_ring, chequers_decorated_corner,
          nicolae_concentric_dashed_squares_wild
D:3:      layout_basic
D:4:      layout_basic, amcnicky_altar_gilded, okawaru_ov_weapons_minmay,
          mainiacjoe_overflow_concentric_impassable, nicolae_ashenzari_skybound,
          grunt_ministairs_1

Skill      XL: |  1  2  3  4 |
---------------+-------------+-----
Translocations | 1 2 |  2.0
Fighting       | 1 |  1.9
Hexes          | 1 |  1.2
Short Blades   | 1 |  1.0
Dodging        | |  1.7
Stealth        | |  1.7
Spellcasting   | |  3.5
Conjurations   | |  1.6
Summonings     | |  1.3

Action                   |  1- 3 |  4- 6 || total
-------------------------+-------+-------++-------
Melee: Dagger            |    71 |    74 ||   145
       Touch             |    13 |    19 ||    32
 Cast: Magic Dart        |    51 |    14 ||    65
       Slow              |    10 |     3 ||    13
 Stab: Sleeping          |    11 |       ||    11
Armor: Robe              |     9 |       ||     9
       Chain mail        |       |    33 ||    33
Dodge: Dodged            |    31 |    20 ||    51

Table legend: (Time is in decaauts)
 A = Elapsed time spent in this place.
 B = Non-inter-level travel time spent in this place.
 C = Inter-level travel time spent in this place.
 D = Time resting spent in this place.
 E = Time spent auto-exploring this place.
 F = Levels seen in this place.
 G = Mean time per level.
                   A        B        C        D        E       F      G
               +--------+--------+--------+--------+--------+-----+--------+
         Total |   2950 |   2645 |    305 |    150 |   1644 |   4 |  737.5 |
       Dungeon |   2950 |   2645 |    305 |    150 |   1644 |   4 |  737.5 |
               +--------+--------+--------+--------+--------+-----+--------+

Top non-repeatable levels by time:
     D:3: 1244 daAuts
     D:1: 917 daAuts
     D:2: 785 daAuts
     D:4: 2 daAuts
